 Dungeon Sprint DCSS version 0.30.1-9-gdf580d7c3d (webtiles) character file.

Game seed: 2297640574030282720

31 Heoruswealwe the Poker (level 3, -11/36 HPs)
             Began as a Minotaur Fighter on Oct 19, 2023.
             Mangled by an ogre
             ... wielding a +0 giant club
              (26 damage)
             ... in the Dungeon (Sprint IX: "|||||||||||||||||||||||||||||").
             The game lasted 00:00:41 (51 turns).

Heoruswealwe the Poker (Minotaur Fighter)             Turns: 51, Time: 00:00:42

Health: -11/36     AC:  7    Str: 22    XL:     3   Next: 7%
Magic:  2/2        EV:  9    Int:  5    God:
Gold:   0          SH:  4    Dex:  9    Spells: 2/2 levels left

rFire   . . .        a - +0 trident
rCold   . . .        d - +0 buckler
rNeg    . . .        c - +0 scale mail
rPois   .            (helmet restricted)
rElec   .            (no cloak)
rCorr   .            (no gloves)
SInv    .            (no boots)
Will    .....        (no amulet) Stlth
                     (no ring)
HPRegen 0.26/turn    (no ring)
MPRegen 0.08/turn

%: no teleportation
@: no status effects
A: horns 2, retaliatory headbutt
a: no special abilities


You were in the Dungeon.
You visited 1 branch

Inventory:

Hand Weapons
 a - a +0 trident (weapon)
Armour
 c - a +0 scale mail (worn)
 d - a +0 buckler (worn)
Scrolls
 j - a scroll of blinking
Potions
 b - a potion of might
 e - a potion of curing
 f - a potion of heal wounds
 g - a potion of haste
 i - a potion of berserk rage


   Skills:
 + Level 5.1 Fighting
 * Level 5.7 Polearms
 + Level 5.1 Armour
 - Level 3.6 Shields


You had 2 spell levels left.
You didn't know any spells.
Your spell library was empty.

Dungeon Overview and Level Annotations

Branches:
Dungeon (1/1)

Altars:


Innate Abilities, Weirdness & Mutations

You have a pair of horns on your head.
You reflexively headbutt those who attack you in melee.


Message History

You miss something. Your headbutt misses something.
Something hits you but does no damage.
You miss something. Something hits you but does no damage.
The dart slug briefly extends its eye-stalks.
You bump into the unnaturally hard rock wall.
You feel less confused. Something hits you.
You closely miss something. Your headbutt misses something.
You block something's attack. Something hits you.
You hit something. Your headbutt misses something. Something hits you.
You barely miss something. Your headbutt misses something. Something hits you.
You miss something. You headbutt something.
Something hits you but does no damage.
You miss something. Something hits you but does no damage.
You closely miss something. Something hits you but does no damage.
You barely miss something. Something hits you but does no damage.
Something hits you.
You puncture something!
Reactivating autopickup.
You feel a bit more experienced.
Your Fighting skill increases to level 5!
Your Polearms skill gained 2 levels and is now at level 5!
Your Armour skill increases to level 5!
You have reached level 2!
You have reached level 3!
Your experience leads to an increase in your attributes!
Increase (S)trength, (I)ntelligence, or (D)exterity?
You feel stronger. x2
You puncture the orc!
You kill the orc!
You barely miss the ogre. You headbutt the ogre.
The ogre is moderately wounded.
The ogre closely misses you.
You hit the ogre.
The ogre is heavily wounded.
You closely miss the ogre.
The ogre is heavily wounded.
The ogre hits you with a +0 giant club!!
Ouch! That really hurt!
You die... ▓▓▓▓▓▓▓▓▓▓▓▓▓▓▓▓▓▓ ▓<.!.)....@Owf...+ ▓▓▓▓▓▓▓▓▓▓▓▓▓▓▓▓▓▓

You could see an ogre, a sleepcap and a dart slug.

Vanquished Creatures
  An orc wizard (D)
  An orc (D)
  A hobgoblin (D)
  A kobold (D)
  A ball python (D)
  A bat (D)
  A frilled lizard (D)
7 creatures vanquished.

Notes
Turn   | Place    | Note
-------+----------+-------------------------------------------
     0 | D        | Heoruswealwe the Minotaur Fighter began the quest for the
                  | Orb.
     0 | D        | Reached XP level 1. HP: 19/19 MP: 0/0
    26 | D        | Noticed an orc wizard
    26 | D        | Noticed an ogre
    26 | D        | Noticed a sleepcap
    47 | D        | Killed an orc wizard
    48 | D        | Reached skill level 5 in Fighting
    48 | D        | Reached skill level 5 in Polearms
    48 | D        | Reached skill level 5 in Armour
    48 | D        | Reached XP level 2. HP: 11/29 MP: 1/1
    48 | D        | Reached XP level 3. HP: 14/36 MP: 2/2
    51 | D        | Mangled by an ogre

Illustrated notes

Levels and vault maps discovered:
D:        linesprint [early_d, line_temple, items_1, d_10, items_2, lair_1,
          lair_end, items_3, orc_1, orc_end, items_4, d_15, swamp_1, shoals_1,
          snake_1, spider_1, d_20, vaults_1, items_5, swamp_end, shoals_end,
          snake_end, spider_end, vaults_end, d_27, items_6, zot_1, zot_end,
          crypt_end, forest_end, elf_end, slime_end, tomb_end, abyss_end,
          pan_hell_end]

Skill      XL: |  1 |
---------------+----+-----
Polearms       | 5 |  5.7
Fighting       | 5 |  5.1
Armour         | 5 |  5.1
Shields        | |  3.6

Action                     || total
---------------------------++-------
  Melee: Trident           ||    35
         Headbutt          ||     6
 Armour: Scale mail        ||    12
  Dodge: Dodged            ||    10
  Block: Buckler           ||     6
